 Dungeon Crawl Stone Soup version 0.29.1-2-gbd0b4ee654 (webtiles) character file.

Game seed: 1632712960137855589

1188 GorkyZ the Shield-Bearer (level 8, -4/93 HPs)
             Began as a Formicid Fighter on Nov 21, 2022.
             Was an Initiate of Gozag.
             Succumbed to an orc's poison
             ... on level 6 of the Dungeon.
             The game lasted 00:24:20 (5426 turns).

GorkyZ the Shield-Bearer (Formicid Fighter)         Turns: 5426, Time: 00:24:22

Health: -4/93      AC: 24    Str: 23    XL:     8   Next: 71%
Magic:  8/8        EV:  2    Int:  8    God:    Gozag
Gold:   226        SH:  5    Dex: 13    Spells: 7/7 levels left

rFire   . . .      SeeInvis .   w - +4 hand axe
rCold   . . .      Faith    .   c - +0 buckler
rNeg    . . .      Spirit   .   (body armour currently unavailable)
rPois   +          Reflect  .   (helmet unavailable)
rElec   .          Harm     .   (cloak currently unavailable)
rCorr   .          Rampage  .   (gloves currently unavailable)
Will    .....                   (boots currently unavailable)
Stlth   +.........              (no amulet)
HPRegen 0.25/turn               q - +4 ring of evasion
MPRegen 0.11/turn               (no ring)

@: lethally poisoned (-4 -> -29), tree-form, gold aura
A: stationary, stasis, torment immunity, boosted hp, permanent stasis, dig
shafts and tunnels, (antennae 3), four strong arms
a: Renounce Religion, Potion Petition, Call Merchant, Bribe Branch


You were on level 6 of the Dungeon.
You worshipped Gozag.
Gozag was aware of your devotion.
You were a tree.
You visited 2 branches of the dungeon, and saw 7 of its levels.

You collected 320 gold pieces.
You spent 28 gold pieces at shops.
You paid 66 gold pieces to Gozag.

Inventory:

Hand Weapons
 a - a +0 trident
 n - a +0 hand axe
 o - a +0 flail of holy wrath
 p - a +0 spear
 s - a +2 whip of freezing
 u - a +0 war axe
 w - a +4 hand axe (weapon)
Missiles
 g - 5 poisoned darts (quivered)
 v - 3 boomerangs
Armour
 b - a +0 scale mail
 c - a +0 buckler (worn)
 f - a +1 pair of gloves (melded)
 H - a +0 chain mail (melded)
 J - a +0 pair of boots (melded)
Jewellery
 q - a +4 ring of evasion (left branch)
 x - an amulet of magic regeneration
Wands
 y - a wand of polymorph (7)
 A - a wand of digging (5)
 E - a wand of flame (9)
Scrolls
 e - 8 scrolls of identify
 i - a scroll of fear {unknown}
 j - 2 scrolls of teleportation {unknown}
 k - a scroll of brand weapon {unknown}
 r - a scroll of fog {unknown}
 t - a scroll of magic mapping {unknown}
 D - a scroll of immolation {unknown}
 G - a scroll of amnesia {unknown}
 I - a scroll of noise {unknown}
Potions
 d - 2 potions of might
 l - 4 potions of brilliance {unknown}
 m - 2 potions of heal wounds {unknown}
 z - a potion of degeneration {unknown}
 B - 2 potions of curing {unknown}
 C - a potion of haste {unknown}
 F - a potion of attraction {unknown}


   Skills:
 + Level 5.1 Fighting
 + Level 2.2(3.4) Axes
 + Level 4.0(4.3) Polearms
 + Level 3.3 Throwing
 + Level 5.1 Armour
 + Level 2.9 Dodging
 + Level 6.0 Shields
 + Level 3.5 Evocations


You had 7 spell levels left.
You didn't know any spells.
Your spell library contained the following spells:

 Spells                   Type           Power      Damage    Failure   Level
 Sting                    Tmut/Pois      0%         1d3       45%         1
 Poisonous Vapours        Pois/Air       0%         N/A       61%         2
 Gell's Gravitas          Tloc           0%         N/A       83%         3
 Lesser Beckoning         Tloc           0%         N/A       83%         3
 Teleport Other           Tloc           0%         N/A       83%         3
 Olgreb's Toxic Radiance  Pois           0%         N/A       99%         4
 Manifold Assault         Tloc           0%         N/A       100%        5
 Blink                    Tloc           Unusable   N/A       N/A         2

Dungeon Overview and Level Annotations

Branches:
Dungeon (6/15)             Temple (1/1) D:4

Altars:
Ashenzari
Fedhas
Gozag
Hepliaklqana
Okawaru
Qazlal
Sif Muna
Uskayaw
Wu Jian
Xom

Shops:
D:1 [   D:4 *(***:*   D:5 *

Annotations:
D:6 3 runed translucent doors, ripuliukko's ghost, amateur GrFi


Innate Abilities, Weirdness & Mutations

You are a tree.
Your roots penetrate the ground, keeping you stationary.
You cannot be teleported.
You are immune to unholy pain and torment.
Your maximum health is greatly increased.
Your equipment is partially melded.
You cannot be hasted, slowed, berserked, paralysed or teleported.
You can dig through walls and to a lower floor.
((You have a pair of large antennae on your head. (SInv)))
Your four strong arms can wield two-handed weapons with a shield.


Message History

The kobold brigand is almost dead.
You block the orc's attack.
The kobold brigand is distracted by your dazzling golden aura.
The bullfrog releases a deep croak.
The kobold brigand shouts!
You hit the kobold brigand but do no damage.
The kobold brigand is no longer distracted by gold.
The kobold brigand is almost dead.
The orc hits you but does no damage.
You are poisoned.
The kobold brigand hits you but does no damage.
The iguana is distracted by your dazzling golden aura.
The kobold brigand hits you with a +0 club.
The orc hits you but does no damage.
You are lethally poisoned!
The iguana hisses angrily.
You hit the kobold brigand but do no damage.
The kobold brigand is almost dead.
* * * LOW HITPOINT WARNING * * *
You feel very sick.
The orc is no longer distracted by gold.
The bullfrog is distracted by your dazzling golden aura.
The orc hits you from afar with a +0 trident of venom.
* * * LOW HITPOINT WARNING * * *
You are more poisoned.
The kobold brigand barely misses you.
You barely miss the kobold brigand.
The kobold brigand is almost dead.
* * * LOW HITPOINT WARNING * * *
You feel extremely sick.
The iguana is no longer distracted by gold.
The orc barely misses you.
The kobold brigand hits you but does no damage.
It was a potion of lignification.
You turn into a tree.
Your +1 pair of gloves melds into your body.
Your +0 pair of boots melds into your body.
Your +0 chain mail melds into your body.
Your roots penetrate the ground.
You die...
Your body crumbles into a pile of gold.

.....##+#........... {{#
.......$........# { {#
..[.............# .###
................+ ...
................######.######
###+#.........ol.....$.......
#.!...{..FKo{......######
....#######K#.......# ###.
#♣###+++### . #$##oD$.$##
#.#{$.{$$∩# #.#8$$8$.8#
..#∩..$$..# ### .8∩8∩## {


You could see a kobold brigand, a bullfrog, an iguana, 2 orcs and a kobold.

Vanquished Creatures
  A water moccasin (D:4)
  An ogre (D:4)
  2 sky beasts
  A centaur (D:6)
  A phantom (D:5)
  A necrophage (D:5)
  A bullfrog (D:6)
  A scorpion (D:6)
  A vampire bat (D:4)
  A howler monkey (D:5)
  2 hounds
  An orc priest (D:4)
  An iguana (D:4)
  3 gnolls (D:2)
  7 adders
  A white imp (D:6)
  An ufetubus (D:5)
  3 worms
  7 dart slugs
  3 fire bats (D:4)
  6 orcs
  2 spectral bats (D:4)
  3 bat skeletons (D:4)
  A bat zombie (D:4)
  4 endoplasms
  6 giant cockroaches
  6 goblins
  3 hobgoblins
  10 jackals
  4 kobolds
  A quokka (D:4)
  11 ball pythons
  13 bats
  A bat simulacrum (D:4)
  A frilled lizard (D:1)
  7 rats
119 creatures vanquished.

Vanquished Creatures (others)
  2 withered plants (D:1)
2 creatures vanquished.

Grand Total: 121 creatures vanquished

Notes
Turn   | Place    | Note
-------+----------+-------------------------------------------
     0 | D:1      | GorkyZ the Formicid Fighter began the quest for the Orb.
     0 | D:1      | Reached XP level 1. HP: 18/18 MP: 1/1
    34 | D:1      | Reached XP level 2. HP: 23/24 MP: 2/2
    61 | D:1      | Found Wacroh's Antique Armour Emporium.
   156 | D:1      | Reached XP level 3. HP: 23/29 MP: 3/3
   257 | D:1      | Found a faded altar of an unknown god.
   651 | D:2      | Found an iron altar of Okawaru.
   812 | D:2      | Reached XP level 4. HP: 35/37 MP: 4/4
   837 | D:2      | Reached skill level 1 in Throwing
  1044 | D:2      | Reached skill level 1 in Dodging
  1300 | D:2      | Reached skill level 1 in Evocations
  1315 | D:2      | Reached XP level 5. HP: 3/42 MP: 5/5
  2685 | D:3      | `
  2818 | D:4      | Found Xeurgh's Book Shoppe.
  2856 | D:4      | Reached XP level 6. HP: 41/48 MP: 6/6
  2971 | D:4      | Found Ithrisit's General Store.
  3011 | D:4      | Found Johonar's General Store.
  3013 | D:4      | Found Nann's Specific Store.
  3019 | D:4      | Bought a scroll of identify for 28 gold pieces
  3038 | D:4      | Noticed a water moccasin
  3039 | D:4      | Noticed an ogre
  3057 | D:4      | Killed a water moccasin
  3058 | D:4      | Reached skill level 5 in Shields
  3360 | D:4      | Found a shimmering altar of Xom.
  3376 | D:4      | Found a hazy altar of Hepliaklqana.
  3377 | D:4      | Noticed a spectral ugly thing
  3599 | D:4      | Found Rotam's Assorted Antiques.
  3600 | D:4      | Found Haduipha's Antique Weapon Shop.
  3731 | D:4      | Noticed a sky beast
  3747 | D:4      | Killed a sky beast
  3748 | D:4      | Reached XP level 7. HP: 46/55 MP: 7/7
  3939 | D:4      | Found Kakycepp's General Store.
  4158 | D:4      | Reached skill level 1 in Axes
  4371 | D:4      | Found a staircase to the Ecumenical Temple.
  4382 | Temple   | Entered the Ecumenical Temple
  4388 | Temple   | Became a worshipper of Gozag Ym Sagoz the Greedy
  4615 | D:4      | Found a shimmering blue altar of Sif Muna.
  4680 | D:5      | Entered Level 5 of the Dungeon
  4820 | D:5      | Reached XP level 8. HP: 61/61 MP: 8/8
  5038 | D:5      | Found Sisitez's Assorted Antiques.
  5357 | D:6      | Found a runed translucent gate.
  5358 | D:6      | Found a runed translucent gate.
  5359 | D:6      | Found a runed translucent gate.
  5367 | D:6      | Found an opulent altar of Gozag.
  5371 | D:6      | Noticed ripuliukko's ghost (amateur GrFi)
  5385 | D:6      | Reached skill level 5 in Fighting
  5385 | D:6      | Reached skill level 5 in Armour
  5385 | D:6      | Reached skill level 6 in Shields
  5425 | D:6      | HP: 1/62 [poisoned by an orc]
  5426 | D:6      | Succumbed to an orc's poison

Illustrated notes

#.# #.....# #...).... #.#
############......## #.#
..........#...##### #.#
#.....##.#...# # #.#
#.....##.#...# # #.#
####.....##.##.## # #.#
..............# #
#.#.###......##.######
#.#.....@........#...
##.#####......#####.######
#.........................
########...########.######
#.†.# #....... #...#
######## #...# #######
#...# ....... #...#
.######


Turn 2685 on D:3: `

Levels and vault maps discovered:
D:1:      amcnicky_arrival_single_pillar, layout_basic, serial_shops, shop,
          ebering_ecumenical_altar_petrified
D:2:      layout_rooms, basic_altar
D:3:      layout_basic, st_stairs_14
D:4:      layout_basic, regret_index_temple_of_mockery, lemuel_blue_sif_altar,
          temple_hall, serial_shops, shop_statue, nicolae_shop_window_shopping,
          nicolae_shop_advertising_works [nicolae_subvault_shop_adworks],
          nicolae_shop_trees, nicolae_shop_temple_entry_statues_fountains,
          chequers_garden, nicolae_specific_store, goddamned_bats
D:5:      layout_basic, serial_shops, shop_statue
D:6:      layout_basic, serial_shops, nicolae_shop_crystal, ebering_ghost_gozag
Temple:   eino_temple_rhombus

Skill      XL: |  1  2  3  4  5  6  7  8 |
---------------+-------------------------+-----
Throwing       | 1 2 3 |  3.3
Dodging        | 1 2 |  2.9
Evocations     | 1 2 3 |  3.5
Fighting       | 4 5 |  5.1
Armour         | 4 5 |  5.1
Polearms       | 3 4 |  4.0
Shields        | 5 6 |  6.0
Axes           | 1 2 |  2.2

Action                   |  1- 3 |  4- 6 |  7- 9 || total
-------------------------+-------+-------+-------++-------
Melee: Trident           |    74 |    90 |       ||   164
       Spear             |       |    76 |       ||    76
       Hand axe          |       |    72 |   143 ||   215
Throw: Dart              |       |     6 |     1 ||     7
 Abil: Dig               |       |       |     1 ||     1
  Use: Potion            |       |       |     1 ||     1
Armor: Scale mail        |    25 |    78 |    35 ||   138
       Chain mail        |       |       |    28 ||    28
Dodge: Dodged            |    18 |   111 |   126 ||   255
Block: Buckler           |    12 |    47 |    56 ||   115
